 Dungeon Crawl Stone Soup version 0.28.0 (webtiles) character file.

Game seed: 11974640644547363111

841 Strat the Cudgeller (level 7, -2/60 HPs)
             Began as a Minotaur Gladiator on Feb 10, 2022.
             Was a Follower of Ashenzari.
             Slain by a hornet zombie (9 damage)
             ... on level 6 of the Dungeon.
             The game lasted 00:09:55 (2062 turns).

Strat the Cudgeller (Minotaur Gladiator)            Turns: 2062, Time: 00:09:56

Health: -2/60      AC: 10    Str: 18    XL:     7   Next: 67%
Magic:  6/6        EV: 12    Int:  5    God:    Ashenzari [*.....]
Gold:   103        SH:  0    Dex: 14    Spells: 6/6 levels left

rFire   . . .      SeeInvis .   a - +10 mace of the Lashed Moon {venom, Fly Stlth+, Melee, Comp} (curse)
rCold   . . .      Faith    .   (no shield)
rNeg    . . .      Spirit   .   o - +0 chain mail
rPois   .          Reflect  .   c - +0 hat
rElec   .          Harm     .   q - +0 cloak
rCorr   .          Rampage  .   (no gloves)
Will    .....                   (no boots)
Stlth   ..........              (no amulet)
HPRegen 0.20/turn               m - ring "Shattered Scepticism" {EV+4, Evo, Range} (curse)
MPRegen 0.10/turn               (no ring)

@: flying
A: horns 2, retaliatory headbutt
a: Renounce Religion, Shatter the Chains


You were on level 6 of the Dungeon.
You worshipped Ashenzari.
Ashenzari was aware of your devotion.
You visited 1 branch of the dungeon, and saw 6 of its levels.

You collected 103 gold pieces.

Inventory:

Hand Weapons
 a - the cursed +10 mace of the Lashed Moon (weapon) {venom, Fly Stlth+, Melee, Comp}
   (You found it on level 2 of the Dungeon)

   It poisons the flesh of those it strikes.
   Fly:       It grants you flight.
   Stlth:     It makes you more stealthy.
   It has a curse which improves the following skills: Melee Combat: Short
   Blades, Long Blades, Axes, Maces & Flails, Polearms, Staves and Unarmed
   Combat.
   Companions: Summonings and Necromancy.
 b - a +0 hunting sling
 f - a +0 flail
 h - a +0 war axe
Missiles
 d - 3 throwing nets
 e - 94 stones
 i - 6 datura-tipped darts
 j - 6 poisoned darts (quivered)
Armour
 c - a +0 hat (worn)
 g - a +0 leather armour
 o - a +0 chain mail (worn)
 q - a +0 cloak (worn)
Jewellery
 m - the cursed ring "Shattered Scepticism" (left hand) {EV+4, Evo, Range}
   (You acquired it on level 4 of the Dungeon)

   [ring of evasion]

   EV:        It affects your evasion (+4).
   It has a curse which improves the following skills: Evocations: Evocations.
   Ranged Combat: Slings, Bows, Crossbows and Throwing.
Wands
 p - a wand of paralysis (3)
Potions
 k - a potion of brilliance
 l - 2 potions of degeneration
 n - a potion of lignification


   Skills:
 + Level 4.9 Fighting
 - Level 4.8(7.5) Axes
 + Level 7.6(9.1) Maces & Flails
 - Level 2.0(2.6) Throwing
 + Level 4.1 Armour
 - Level 3.2 Dodging


You had 6 spell levels left.
You didn't know any spells.
Your spell library contained the following spells:

 Spells                   Type           Power      Damage    Failure   Level
 Pain                     Necr           0%         1d4       99%         1
 Sublimation of Blood     Necr           0%         N/A       100%        2
 Wereblood                Tmut           0%         N/A       100%        2
 Gell's Gravitas          Tloc           0%         N/A       100%        3
 Lesser Beckoning         Tloc           0%         N/A       100%        3
 Teleport Other           Tloc           0%         N/A       100%        3
 Tukima's Dance           Hex            0%         N/A       100%        3
 Passage of Golubria      Tloc           0%         N/A       100%        4
 Yara's Violent Unravell  Hex/Tmut       0%         3d3       100%        5
 Summon Hydra             Summ           0%         N/A       100%        7


Dungeon Overview and Level Annotations

Branches:
Dungeon (6/15)
 Temple: D:4-7

Altars:
Ashenzari
Hepliaklqana
Okawaru
Sif Muna

Shops:
D:3 *(*

Annotations:
D:2 Sigmund
D:3 2 transporters
D:4 3 runed translucent doors, Dowan; SnakkuSnakku7's ghost, novice DjGl


Innate Abilities, Weirdness & Mutations

You have a pair of horns on your head.
You reflexively headbutt those who attack you in melee.


Message History

You barely miss the kobold. The kobold closely misses you.
You furiously retaliate!
You headbutt the kobold!
You kill the kobold!
A hornet zombie comes into view.
The kobold barely misses you.
Items here: ( )))).
You thump the kobold!
You kill the kobold!
The kobold hits you but does no damage.
Items here: ( ))))).
You thump the kobold!
You kill the kobold!
Things that are here:
a +0 short sword; 8 poisoned darts; a kobold corpse
Items here: ( ))))).
You barely miss the hornet zombie. The hornet zombie hits you.
* * * LOW HITPOINT WARNING * * *
You hit the hornet zombie. Your headbutt misses the hornet zombie.
The hornet zombie is lightly damaged.
The hornet zombie hits you!
* * * LOW HITPOINT WARNING * * *
You completely miss the hornet zombie.
The hornet zombie is lightly damaged.
The hornet zombie hits you.
* * * LOW HITPOINT WARNING * * *
The hornet zombie closely misses you.
You sock the hornet zombie!
The hornet zombie is moderately damaged.
The hornet zombie hits you but does no damage.
You thump the hornet zombie!
The hornet zombie is heavily damaged.
The hornet zombie hits you.
* * * LOW HITPOINT WARNING * * *
You hit the hornet zombie. Your headbutt misses the hornet zombie.
The hornet zombie is heavily damaged.
The hornet zombie closely misses you.
You hit the hornet zombie.
The hornet zombie is severely damaged.
The hornet zombie hits you!
You die...

. ##.## ..#
##..####
.)..#......#
#........###
##......##
....###.##
..§§ ##.#
§.§ #.## P§
##@### ##Z.#
#)###
.......##
.....Z.
8.....#
......
...... .....


You could see a hornet zombie.

Vanquished Creatures
  Duvessa (D:4)
  A black bear (D:4)
  A phantom (D:5)
  A kobold brigand (D:6)
  A scorpion (D:5)
  A wyvern zombie (D:6)
  2 water moccasin zombies (D:6)
  A bullfrog skeleton (D:6)
  3 bullfrog zombies (D:6)
  An orc wizard (D:4)
  A gnoll (D:1)
  6 adders
  A white imp (D:5)
  An ufetubus (D:6)
  3 orcs (D:4)
  3 endoplasms
  2 giant cockroaches
  2 goblins
  5 hobgoblins
  2 jackals (D:4)
  13 kobolds
  2 ball pythons (D:3)
  5 bats
  A frilled lizard (D:3)
  3 rats
63 creatures vanquished.

Vanquished Creatures (others)
  3 withered plants (D:6)
3 creatures vanquished.

Grand Total: 66 creatures vanquished

Notes
Turn   | Place    | Note
-------+----------+-------------------------------------------
     0 | D:1      | Strat the Minotaur Gladiator began the quest for the Orb.
     0 | D:1      | Reached XP level 1. HP: 18/18 MP: 0/0
   246 | D:1      | Reached XP level 2. HP: 9/25 MP: 1/1
   523 | D:2      | Identified the +10 mace of Leyc {venom, Fly Stlth+}
   552 | D:2      | Found a faded altar of an unknown god.
   554 | D:2      | Noticed Sigmund
   560 | D:2      | Got Plato's Grimoire of Evil Rites
   574 | D:2      | Prayed at the altar of an unknown god.
   574 | D:2      | Became a worshipper of Ashenzari the Shackled
   622 | D:2      | Reached skill level 1 in Maces & Flails
   622 | D:2      | Reached XP level 3. HP: 20/30 MP: 2/2
   624 | D:2      | Reached skill level 2 in Maces & Flails
   729 | D:3      | Found Jaig's Assorted Antiques.
   752 | D:3      | Found an iron altar of Okawaru.
   826 | D:3      | Found Weleto's Weapon Shop.
   853 | D:3      | Found Qoycsysum's General Store.
   950 | D:3      | Found a transporter.
   984 | D:3      | Found a transporter.
  1082 | D:3      | Reached skill level 3 in Maces & Flails
  1113 | D:4      | Found a hazy altar of Hepliaklqana.
  1142 | D:4      | Reached XP level 4. HP: 37/37 MP: 3/3
  1166 | D:4      | Noticed Dowan
  1167 | D:4      | Noticed Duvessa
  1169 | D:4      | Reached skill level 4 in Maces & Flails
  1173 | D:4      | Identified a scroll of acquirement
  1173 | D:4      | Acquired a +4 ring of evasion
  1182 | D:4      | Killed Duvessa
  1183 | D:4      | Reached skill level 5 in Maces & Flails
  1183 | D:4      | Reached XP level 5. HP: 27/42 MP: 4/4
  1241 | D:4      | Noticed SnakkuSnakku7's ghost (novice DjGl)
  1271 | D:4      | Found a runed translucent gate.
  1271 | D:4      | Found a runed translucent gate.
  1273 | D:4      | Found a runed translucent gate.
  1337 | D:4      | Found a shimmering blue altar of Sif Muna.
  1360 | D:4      | Noticed a black bear
  1376 | D:4      | Killed a black bear
  1377 | D:4      | Reached skill level 6 in Maces & Flails
  1377 | D:4      | Reached XP level 6. HP: 37/50 MP: 5/5
  1477 | D:4      | Reached skill level 1 in Armour
  1482 | D:5      | Entered Level 5 of the Dungeon
  1808 | D:6      | Reached XP level 7. HP: 42/58 MP: 6/6
  1813 | D:6      | Reached skill level 7 in Maces & Flails
  1912 | D:6      | Reached * piety under Ashenzari
  2062 | D:6      | Slain by a hornet zombie

Illustrated notes

Levels and vault maps discovered:
D:1:      dpeg_arrival_arbitrary_a, layout_basic
D:2:      layout_rooms, shapermc_ecumenical_altar_rom_forum,
          serial_bayou_lagoon_a, uniq_sigmund
D:3:      gammafunk_wand_slinger, layout_loops_ring, tso_oasis_becter,
          okawaru_trees_1, serial_shops, nicolae_square_shop, shop,
          nicolae_diamond_shop, grunt_ministairs_10, minmay_misc_feat_plants,
          minmay_misc_feat_tower
D:4:      layout_basic, mainiacjoe_overflow_paths, led_sif_pool,
          minmay_temple_entry_glassed_door, gammafunk_ghost_split, fountainhead,
          fountainhead, uniq_duvessa
D:5:      layout_loops_ring, mainiacjoe_overflow_boulevard, uniq_eustachio
D:6:      layout_layer_cave, serial_undead, serial_undead_e, serial_undead_e,
          serial_undead_f, serial_undead_e, serial_undead_a, serial_undead_d,
          serial_undead_d, serial_undead_e, lightli_orcish_oven, uniq_grinder

Skill      XL: |  1  2  3  4  5  6  7 |
---------------+----------------------+-----
Axes           | 4 |  4.8
Maces & Flails | 1 3 5 6 7 |  7.6
Armour         | 2 4 |  4.1
Fighting       | 3 4 |  4.9
Throwing       | |  2.0
Dodging        | |  3.2

Action                   |  1- 3 |  4- 6 |  7- 9 || total
-------------------------+-------+-------+-------++-------
Melee: War axe           |    23 |       |       ||    23
       Headbutt          |     3 |    10 |     6 ||    19
       Mace              |    36 |    52 |    45 ||   133
 Fire: Hunting sling     |     3 |       |       ||     3
Throw: Throwing net      |       |     1 |       ||     1
Invok: Curse Item        |       |     1 |     1 ||     2
  Use: Scroll            |       |     4 |       ||     4
 Stab: Sleeping          |     2 |       |       ||     2
Armor: Leather armour    |    22 |       |       ||    22
       Chain mail        |       |    24 |    15 ||    39
Dodge: Dodged            |    41 |    27 |    18 ||    86
